AoeStats
← LeeWalker

Arabia

503160165Analyzed
4v4 RM · 1mo ago on Aug 30, 2026· 15m 59s· 8 players
Game mode
Random Map
Map size
Large (8 player)
Population
200
Speed
Normal
Resources
Standard
Victory
Conquest
Starting age
Dark Age
Ending age
Imperial Age
RankedLock teamsTeams togetherTeam positionsShared explorationLock speedFull tech treeHidden civsTurbo modeCheats
Victory
Defeat
🇭🇰 Persians · Hong Kong SAR China
1452
+6
🇭🇰 Italians · Hong Kong SAR China
1304
+12
🇹🇼 Magyars · Taiwan
1136
+19
🇹🇼 Hindustanis · Taiwan
1039
+23
🇨🇳 Shu · China
1246
-17
🇮🇳 Persians · India
1222
-16
🇺🇸 Dravidians · United States
1194
-14
🇪🇸 Britons · Spain
1166
-13
nemesis
6:21 Loom
8:32 Feudal Age
9:06 Double-Bit Axe
9:14 Horse Collar
鱼塘里的鱼儿
6:59 Loom
10:03 Feudal Age
宇先生
10:57 Feudal Age
13:50 Wheelbarrow
13:01 Loom
15:45 Castle Age
15:11 Double-Bit Axe
15:20 Horse Collar
15:34 Gold Mining
Barrios
4:09 Loom
9:57 Feudal Age
12:44 Double-Bit Axe
15:40 Fletching
16:00 Forging
LeeWalker
0:41 Loom
10:34 Feudal Age
Marty10032
8:37 Feudal Age
7:34 Loom
12:41 Fletching
CloseDoorYan
5:39 Loom
8:35 Feudal Age
9:17 Double-Bit Axe
11:02 Horse Collar
椰子
9:16 Loom
11:42 Feudal Age
15:05 Double-Bit Axe
16:06 Scale Barding Armor
Connection lost

Rejoining the realm…

Still unreachable

The connection could not be restored.

Session expired

The server has moved on; the page needs a fresh start.